 Dungeon Crawl Stone Soup version 0.19-a0-1815-g4007336 (webtiles) character file.

53 JeffiDaFish the Sneak (level 3, -1/21 HPs)
             Began as a Vampire Enchanter on Oct 5, 2016.
             Succumbed to an orc's poison
             ... on level 3 of the Dungeon.
             The game lasted 00:08:17 (1581 turns).

JeffiDaFish the Sneak (Vampire Enchanter)           Turns: 1581, Time: 00:08:18

Health: -1/21      AC:  3    Str:  8    XL:     3   Next: 64%
Magic:  3/6        EV: 13    Int: 17    God:
Gold:   85         SH:  0    Dex: 18    Spells: 3 memorised, 0 levels left

rFire  . . .     SeeInvis +     a - +2 dagger
rCold  + . .     Gourm    .     b - +1 robe
rNeg   + + .     Faith    .     (no shield)
rPois  +         Spirit   .     (no helmet)
rElec  .         Dismiss  .     (no cloak)
rCorr  +         Reflect  .     (no gloves)
MR     .....     Harm     .     (no boots)
Stlth  +++++.....               (no amulet)
                                h - +4 ring of dexterity
                                e - ring of resist corrosion

@: lethally poisoned (-1 -> -21), very slightly contaminated, regenerating
slowly
A: fangs 3, hooves 1, camouflage 1, see invisible, frail 1, unbreathing
a: Bat Form


You were on level 3 of the Dungeon.
You were thirsty.

You visited 1 branch of the dungeon, and saw 4 of its levels.

You collected 85 gold pieces.

Inventory:

Hand Weapons
 a - a +2 dagger (weapon)
Armour
 b - a +1 robe (worn)
Jewellery
 e - a ring of resist corrosion (left hand)
 h - a +4 ring of dexterity (right hand)
Scrolls
 g - 2 scrolls of identify
Potions
 d - 10 potions of blood
Books
 c - a book of Maledictions

   Spells                             Type                      Level
   a - Corona                         Hexes                        1
   b - Ensorcelled Hibernation        Hexes/Ice                    2
   c - Confuse                        Hexes                        3
   d - Tukima's Dance                 Hexes                        3
   e - Dazzling Spray                 Conjuration/Hexes            3


   Skills:
 + Level 1.4 Short Blades
 + Level 2.6 Dodging
 + Level 5.6 Stealth
 + Level 2.2 Spellcasting
 + Level 5.1 Hexes


You couldn't memorise any spells.
You knew the following spells:

 Your Spells              Type           Power        Failure   Level  Hunger
a - Corona                Hex            ###....      2%          1    #......
b - Ensorcelled Hibernat  Hex/Ice        ##....       12%         2    ###....
c - Confuse               Hex            ###.....     10%         3    ###....


Dungeon Overview and Level Annotations

Branches:
Dungeon (4/15)
 Temple: D:4-7

Altars:
Xom


Innate Abilities, Weirdness & Mutations

You heal slowly.
You have razor-sharp teeth.
You have supernaturally acute eyesight. (SInv)
You can survive without breathing.
You have large cloven feet.
Your skin changes colour to match your surroundings (Stealth+).
You are frail. (-10% HP)


Message History

You feel sick. The orc misses you.
You hit the orc.
The orc is almost dead.
* * * LOW HITPOINT WARNING * * *
You feel sick. The orc hits you with a whip of venom.
* * * LOW HITPOINT WARNING * * *
You are too injured to fight recklessly!
You are too injured to fight recklessly!
You are too injured to fight recklessly!
You hit the orc.
You kill the orc!
* * * LOW HITPOINT WARNING * * *
You feel sick.
It was a potion of mutation.
You feel extremely strange.
Your skin functions as natural camouflage.
Your feet thicken and deform.
You feel frail.
You are feeling thirsty.
* * * LOW HITPOINT WARNING * * *
You feel sick.
You die...

.# .# ##.#
#..# #$.# .#
#..# .# #..#
.# #@.# .#
#..# .# #†)#
.#
#######..###.#
...........>.#
.....$..######
#########


There were no monsters in sight!

Vanquished Creatures
  An adder (D:2)
  2 worms (D:2)
  A dart slug (D:1)
  A leopard gecko (D:2)
  An orc (D:3)
  2 giant cockroaches (D:1)
  2 goblins (D:2)
  6 hobgoblins
  A ball python (D:2)
  7 bats
  2 frilled lizards (D:1)
  5 kobolds
  3 rats (D:2)
34 creatures vanquished.

Notes
Turn   | Place    | Note
-------+----------+-------------------------------------------
     0 | D:1      | JeffiDaFish the Vampire Enchanter began the quest for the Orb.
     0 | D:1      | Reached XP level 1. HP: 13/13 MP: 3/3
   212 | D:1      | Found a shimmering altar of Xom.
   258 | D:1      | Reached XP level 2. HP: 7/19 MP: 5/5
  1025 | D:2      | Reached skill level 5 in Stealth
  1038 | D:2      | Reached XP level 3. HP: 24/24 MP: 6/6
  1041 | D:2      | Reached skill level 5 in Hexes
  1048 | D:2      | Learned a level 2 spell: Ensorcelled Hibernation
  1114 | D:2      | Learned a level 3 spell: Confuse
  1547 | D:2      | You fall through a shaft for 2 floors!
  1580 | D:3      | Gained mutation: Your skin changes colour to match your surroundings (Stealth+). [potion of mutation]
  1580 | D:3      | Gained mutation: You have large cloven feet. [potion of mutation]
  1580 | D:3      | Gained mutation: You are frail. (-10% HP) [potion of mutation]
  1580 | D:3      | HP: 1/21 [poisoned by an orc]
  1581 | D:3      | Succumbed to an orc's poison

Vault maps used:
D:1:      dpeg_arrival_three_same_balls, xom_teletrap_fun
D:2:      first_bread, minmay_misc_feat_tower
D:3:      serial_bayou_pond_a, hangedman_glass_teeth,
          nicolae_dithmenos_through_a_glass_darkly, uniq_terence, uniq_robin
D:4:      serial_shops, nicolae_shop_overgrown_old_shop,
          hangedman_feature_mirror, uniq_blork_the_orc

Skill      XL: |  1  2  3 |
---------------+----------+-----
Stealth        | 5 |  5.6
Hexes          | 5 |  5.1
Short Blades   | |  1.4
Dodging        | |  2.6
Spellcasting   | |  2.2

Action                   || total
-------------------------++-------
Melee: Dagger            ||   102
       Bite              ||     4
       Unarmed           ||     1
 Cast: Ensorcelled Hiber ||     5
 Abil: End Transformatio ||     1
       Bat Form          ||     1
  Use: Scroll            ||     7
       Potion            ||     4
 Stab: Sleeping          ||    14
Armor: Robe              ||    28
Dodge: Dodged            ||    61
